 Dungeon Crawl Stone Soup version 0.26-b1-32-g5d43845318 (webtiles) character file.

Game seed: 7454977370018346188

129 MisterFreud the Ruffian (level 4, -3/36 (40) HPs)
             Began as a Troll Artificer on Jan 10, 2021.
             Slain by Crazy Yiuf
             ... wielding a +2 quarterstaff of chaos
              (4 damage)
             ... on level 3 of the Dungeon.
             The game lasted 00:02:20 (2254 turns).

MisterFreud the Ruffian (Troll Artificer)           Turns: 2254, Time: 00:02:20

HP:   -3/36 (40)    AC:  6    Str: 21    XL:     4   Next: 88%
MP:   3/3           EV: 10    Int:  7    God:
Gold: 180           SH:  0    Dex: 10    Spells: 3/3 levels left

rFire    . . .     SeeInvis .     - Unarmed
rCold    . . .     Faith    .   (no shield)
rNeg     . . .     Spirit   .   b - +0 robe
rPois    .         Reflect  .   (helmet restricted)
rElec    .         Harm     .   (no cloak)
rCorr    .         Rampage  .   (gloves unavailable)
Will     .....                  (boots unavailable)
Stlth    +.........             (no amulet)
HPRegen  0.52/turn              (no ring)
MPRegen  0.08/turn              (no ring)

@: heavily drained
A: large, unfitting armour, claws 3, regeneration 1, shaggy fur 1, tough skin 3
a: no special abilities


You were on level 3 of the Dungeon.
You visited 1 branch of the dungeon, and saw 3 of its levels.

You collected 180 gold pieces.

Inventory:

Missiles
 j - 5 atropa-tipped darts
Armour
 b - a +0 robe (worn)
Jewellery
 t - an uncursed ring of poison resistance {unknown}
Wands
 c - a wand of flame (15) (quivered)
 d - a wand of enslavement (15)
 e - a wand of random effects (15)
Scrolls
 h - a scroll of random uselessness {unknown}
 i - a scroll of identify {unknown}
 k - 5 scrolls of teleportation {unknown}
 l - a scroll of fog {unknown}
 m - 3 scrolls of remove curse {unknown}
 o - a scroll of enchant weapon {unknown}
 p - a scroll of blinking {unknown}
 s - a scroll of amnesia {unknown}
Potions
 a - 3 potions of brilliance {unknown}
 f - a potion of heal wounds {unknown}
 g - a potion of flight {unknown}
 n - a potion of haste {unknown}
 q - 2 potions of attraction {unknown}
 r - a potion of degeneration {unknown}


   Skills:
 - Level 0.7 Fighting
 - Level 1.9 Dodging
 - Level 0.3 Stealth
 + Level 4.6 Unarmed Combat
 - Level 2.1 Evocations


You had 3 spell levels left.
You didn't know any spells.
Your spell library was empty.

Dungeon Overview and Level Annotations

Branches:
Dungeon (3/15)

Altars:

Annotations:
D:3 Crazy Yiuf


Innate Abilities, Weirdness & Mutations

You are too large for most types of armour.
You have claws for hands.
Your natural rate of healing is unusually fast.
You are covered in fur. (AC +1)
You have extremely tough skin. (AC +3)


Message History

Crazy Yiuf is moderately wounded.
Crazy Yiuf hits you with a +2 quarterstaff of chaos!
Crazy Yiuf burns you.
You scratch Crazy Yiuf.
Crazy Yiuf is heavily wounded.
Crazy Yiuf closely misses you.
You claw Crazy Yiuf!
Crazy Yiuf is almost dead.
Crazy Yiuf hits you with a +2 quarterstaff of chaos!
You feel drained.
You closely miss Crazy Yiuf.
Crazy Yiuf is almost dead.
Crazy Yiuf says, "Crazy?
Crazy!?
PORCUPINE!"
Crazy Yiuf closely misses you.
You closely miss Crazy Yiuf.
Crazy Yiuf is almost dead.
Crazy Yiuf hits you with a +2 quarterstaff of chaos!
* * * LOW HITPOINT WARNING * * *
Crazy Yiuf freezes you.
You die...

#####.# ##...######
#####.########.........#
##.....<..........####.#####
##.##.############# ####..#
##.##.# ##.# #....# ##.##
♣#.#### ### ♣♣##...#
...##### #)..#♣♣ ♣♣......#
♣#.....# #...g@♣♣♣♣.......#
#.###.# #...#♣..♣......#.#
##.###.# ### ♣♣♣.♣....##.#
### ##...#.# ♣♣♣♣♣####.# #.#
###....### #.#.##♣♣P
##.......###########
###.)..♣.♣♣
###....###.........#
#...###..♣♣ .......#
##......)## #..## #...♣
###....# ##.....## #.##
##...


You could see Crazy Yiuf.

Vanquished Creatures
  2 gnolls (D:3)
  2 adders
  A white imp (D:2)
  An ooze (D:3)
  A worm (D:2)
  2 dart slugs
  4 leopard geckos
  2 orcs (D:3)
  A giant cockroach (D:3)
  12 goblins
  6 hobgoblins
  6 quokkas
  8 bats
  A frilled lizard (D:2)
  8 kobolds
  11 rats
68 creatures vanquished.

Vanquished Creatures (others)
  26 plants (D:3)
26 creatures vanquished.

Grand Total: 94 creatures vanquished

Notes
Turn   | Place    | Note
-------+----------+-------------------------------------------
     0 | D:1      | MisterFreud the Troll Artificer began the quest for the
                  | Orb.
     0 | D:1      | Reached XP level 1. HP: 18/18 MP: 0/0
    57 | D:1      | Reached skill level 1 in Unarmed Combat
   123 | D:1      | Reached XP level 2. HP: 26/26 MP: 1/1
   147 | D:1      | Reached skill level 2 in Unarmed Combat
   570 | D:2      | Reached XP level 3. HP: 31/32 MP: 2/2
   728 | D:2      | Reached skill level 3 in Unarmed Combat
  1238 | D:3      | Reached XP level 4. HP: 39/40 MP: 3/3
  1367 | D:3      | Reached skill level 4 in Unarmed Combat
  2109 | D:3      | Found a runed translucent door.
  2110 | D:3      | Noticed Crazy Yiuf
  2254 | D:3      | HP: 1/36 [Crazy Yiuf/+2 quarterstaff of chaos (12)]
  2254 | D:3      | Slain by Crazy Yiuf

Illustrated notes

Levels and vault maps discovered:
D:1:      minmay_arrival_doors, layout_rooms
D:2:      layout_loops_ring
D:3:      wad_woods_tower, layout_loops_corners, minmay_tree_intersection,
          uniq_crazy_yiuf_cottage

Skill      XL: |  1  2  3  4 |
---------------+-------------+-----
Unarmed Combat | 1 2 3 4 |  4.6
Fighting       | |  0.7
Dodging        | |  1.9
Stealth        | |  0.3
Evocations     | |  2.1

Action                   |  1- 3 |  4- 6 || total
-------------------------+-------+-------++-------
Melee: Unarmed           |   114 |    78 ||   192
       Club              |     2 |       ||     2
       Punch             |     3 |     1 ||     4
 Stab: Sleeping          |     3 |     1 ||     4
Armor: Robe              |    51 |    37 ||    88
Dodge: Dodged            |    68 |    40 ||   108
